 Seeded DCSS version 0.27-a0-1219-g958d993ae5 (webtiles) character file.

Game seed: 49 (custom seed)

819 Snicker the Sneak (level 7, -1/52 HPs)
             Began as a Demonspawn Brigand on June 6, 2021.
             Slain by a killer bee (2 damage)
             ... on level 5 of the Dungeon.
             The game lasted 00:08:43 (3258 turns).

Snicker the Sneak (Demonspawn Brigand)              Turns: 3258, Time: 00:08:43

Health: -1/52      AC:  9    Str: 11    XL:     7   Next: 63%
Magic:  7/7        EV: 11    Int: 12    God:
Gold:   165        SH:  8    Dex: 17    Spells: 3/6 levels left

rFire    . . .     SeeInvis .   a - +1 dagger (flame)
rCold    . . .     Faith    .   (no shield)
rNeg     . . .     Spirit   .   l - +0 ring mail
rPois    .         Reflect  .   t - +0 helmet
rElec    .         Harm     .   c - +0 cloak
rCorr    .         Rampage  +   f - +1 pair of gloves of the Nightingale {Rampage Regen+}
Will     .....                  (no boots)
Stlth    +++.......             (no amulet)
HPRegen  1.17/turn              (no ring)
MPRegen  0.10/turn              (no ring)

@: brilliant, lethally poisoned (-1 -> -4), about to teleport, attractive
A: hooves 1, large bone plates 3, powered by death 1
a: no special abilities


You were on level 5 of the Dungeon.
You visited 1 branch of the dungeon, and saw 5 of its levels.

You collected 165 gold pieces.

Inventory:

Hand Weapons
 a - a +1 dagger of flaming (weapon)
 s - a +2 dagger
Missiles
 d - 7 poisoned darts (quivered)
 o - 5 silver boomerangs
Armour
 b - a +0 robe
 c - a +0 cloak (worn)
 f - the +1 pair of gloves of the Nightingale (worn) {Rampage Regen+}
   (You acquired it on level 1 of the Dungeon)

   It increases your rate of health regeneration.
   It bestows one free step when moving towards enemies.
 l - a +0 ring mail (worn)
 t - a +0 helmet (worn)
Jewellery
 q - a ring of resist corrosion
Wands
 m - a wand of iceblast (15)
 p - a wand of flame (15)
Scrolls
 g - 2 scrolls of enchant armour
 h - 6 scrolls of identify
 n - a scroll of vulnerability {unknown}
 r - 2 scrolls of magic mapping {unknown}


   Skills:
 + Level 3.1 Fighting
 * Level 4.8 Short Blades
 + Level 2.1 Throwing
 + Level 2.4 Armour
 + Level 2.0 Dodging
 * Level 6.1 Stealth
 + Level 1.1 Shields
 + Level 0.4 Evocations


You had 3 spell levels left.
You knew the following spells:

 Your Spells              Type           Power      Damage    Failure   Level
a - Swiftness             Air            0%         N/A       93%         3

Your spell library contained the following spells:

 Spells                   Type           Power      Damage    Failure   Level
 Shock                    Conj/Air       0%         1d3       61%         1
 Static Discharge         Conj/Air       0%         N/A       75%         2
 Airstrike                Air            0%         N/A       100%        4
 Lightning Bolt           Conj/Air       0%         1d11      100%        5


Dungeon Overview and Level Annotations

Branches:
Dungeon (5/15)
 Temple: D:4-7

Altars:
Makhleb
Qazlal
Zin


Innate Abilities, Weirdness & Mutations

You have large cloven feet.
You are completely covered in large bone plates. (SH +8)
You regenerate a little health from kills.


Message History

You hit the killer bee. You burn the killer bee.
The killer bee is heavily wounded.
You feel sick. The killer bee stings you.
* * * LOW HITPOINT WARNING * * *
The killer bee stings you but does no damage.
You hit the killer bee but do no damage.
The killer bee is heavily wounded.
You feel sick. You block the killer bee's attack.
You miss the killer bee. Your kick misses the killer bee.
The killer bee is heavily wounded.
You feel sick. You block the killer bee's attack.
You miss the killer bee.
The killer bee is heavily wounded.
You feel sick. You block the killer bee's attack. The killer bee stings you.
* * * LOW HITPOINT WARNING * * *
It was a potion of attraction.
You feel attractive to monsters.
You feel sick.
The killer bee stings you but does no damage. x2
It was a potion of brilliance.
You feel clever all of a sudden.
You feel sick. The killer bee stings you.
* * * LOW HITPOINT WARNING * * *
The killer bee stings you.
* * * LOW HITPOINT WARNING * * *
You are brilliant.
You are mildly poisoned (4 -> 4).
You attract monsters toward you.
Your movement speed is average.
Your attack delay is about 0.7.
Unknown command.
Unknown command.
As you read the scroll of teleportation, it crumbles to dust.
You feel strangely unstable.
You feel sick. You block the killer bee's attack. The killer bee stings you.
* * * LOW HITPOINT WARNING * * *
You are lethally poisoned!
The killer bee poisons you!
* * * LOW HITPOINT WARNING * * *
You feel very sick. The killer bee stings you.
You die...

### ##.####### #........#
##.#####.# #.# #)#
############ #.# #.#
#..........> #.# #@#
#.########## #.# #y# #.# #.#
#y# #.# ##
#.#####.#####.#########.
#........<.##.y.>.......
#####..####...y....########.
#.......# ####.#............
#.#####.# #.#...########.
####.# #.# #.##### #.†


You could see 2 killer bees.

Vanquished Creatures
  Grinder (D:4)
  A centaur (D:4)
  A water moccasin skeleton (D:4)
  3 killer bees
  A howler monkey (D:4)
  A hound (D:5)
  A jelly (D:4)
  A centaur skeleton (D:5)
  An orc priest (D:3)
  An iguana (D:4)
  Ijyb (D:4)
  Terence (D:2)
  A howler monkey skeleton (D:4)
  5 adders
  3 worms
  A dart slug (D:4)
  6 orcs
  3 ball pythons
  9 bats
  8 endoplasms
  2 giant cockroaches
  7 goblins
  3 hobgoblins
  5 kobolds
  5 quokkas
  6 rats
78 creatures vanquished.

Vanquished Creatures (others)
  A demonic plant (D:2)
1 creature vanquished.

Grand Total: 79 creatures vanquished

Notes
Turn   | Place    | Note
-------+----------+-------------------------------------------
     0 | D:1      | Snicker the Demonspawn Brigand began the quest for the Orb.
     0 | D:1      | Reached XP level 1. HP: 16/16 MP: 1/1
   141 | D:1      | Identified a scroll of acquirement
   141 | D:1      | Acquired the +1 pair of gloves of the Nightingale {Rampage
                  | Regen+}
   191 | D:1      | Gained mutation: You are partially covered in large bone
                  | plates. (SH +4) [demonic ancestry]
   191 | D:1      | Reached XP level 2. HP: 22/22 MP: 2/2
   753 | D:2      | Reached skill level 4 in Stealth
   765 | D:2      | Gained mutation: You have large cloven feet. [demonic
                  | ancestry]
   765 | D:2      | Reached XP level 3. HP: 15/27 MP: 3/3
   822 | D:2      | Found a faded altar of an unknown god.
  1039 | D:2      | Noticed Terence
  1074 | D:2      | Killed Terence
  1075 | D:2      | Reached skill level 1 in Dodging
  1075 | D:2      | Reached XP level 4. HP: 15/33 MP: 4/4
  1779 | D:3      | Found a stormy altar of Qazlal.
  2045 | D:3      | Found a burning altar of Makhleb.
  2072 | D:4      | Noticed Ijyb
  2086 | D:4      | Killed Ijyb
  2087 | D:4      | Gained mutation: You are mostly covered in large bone
                  | plates. (SH +6) [demonic ancestry]
  2087 | D:4      | Reached XP level 5. HP: 33/38 MP: 5/5
  2276 | D:4      | Reached skill level 5 in Stealth
  2349 | D:4      | Reached skill level 1 in Armour
  2349 | D:4      | Gained mutation: You regenerate a little health from kills.
                  | [demonic ancestry]
  2349 | D:4      | Reached XP level 6. HP: 43/44 MP: 6/6
  2482 | D:4      | Noticed Grinder
  2495 | D:4      | Paralysed by Grinder for 7 turns
  2510 | D:4      | Killed Grinder
  2511 | D:4      | Gained mutation: You are completely covered in large bone
                  | plates. (SH +8) [demonic ancestry]
  2511 | D:4      | Reached XP level 7. HP: 24/51 MP: 7/7
  2540 | D:4      | Found a sand-covered staircase.
  2883 | D:5      | Entered Level 5 of the Dungeon
  3086 | D:5      | Reached skill level 1 in Shields
  3092 | D:5      | Learned a level 3 spell: Swiftness
  3170 | D:5      | Reached skill level 6 in Stealth
  3258 | D:5      | HP: 1/52 [poisoned by a killer bee]
  3258 | D:5      | Slain by a killer bee

Illustrated notes

Levels and vault maps discovered:
D:1:      sevenhm_arrival_forest_fort_small_4, layout_loops_ring
D:2:      layout_basic, shapermc_ecumenical_altar_gd, serial_bayou_pond_e,
          uniq_terence
D:3:      layout_loops_ring, nicolae_qazlal_eye_of_the_storm,
          lightli_temple_of_fire
D:4:      layout_basic, lemuel_crystal_altar,
          nicolae_ossuary_entry_false_entrances, uniq_ijyb, uniq_grinder
D:5:      layout_loops_ring

Skill      XL: |  1  2  3  4  5  6  7 |
---------------+----------------------+-----
Short Blades   | 2 3 4 |  4.8
Throwing       | 2 |  2.1
Stealth        | 4 5 6 |  6.1
Dodging        | 1 2 |  2.0
Armour         | 1 2 |  2.4
Shields        | 1 |  1.1
Fighting       | 3 |  3.1
Evocations     | |  0.4

Action                   |  1- 3 |  4- 6 |  7- 9 || total
-------------------------+-------+-------+-------++-------
Melee: Dagger            |   107 |   116 |    79 ||   302
       Kick              |     7 |    38 |    13 ||    58
Throw: Dart              |     5 |     2 |       ||     7
Evoke: Wand              |       |     5 |     1 ||     6
  Use: Scroll            |     1 |       |     3 ||     4
       Potion            |       |     2 |     3 ||     5
 Stab: Sleeping          |     8 |     8 |     5 ||    21
       Distracted        |       |     1 |       ||     1
Armor: Robe              |    30 |     4 |       ||    34
       Ring mail         |       |    21 |    19 ||    40
Dodge: Dodged            |    51 |    34 |    31 ||   116
Block: Other             |    10 |    14 |    30 ||    54

Table legend: (Time is in decaauts)
 A = Elapsed time spent in this place.
 B = Non-inter-level travel time spent in this place.
 C = Inter-level travel time spent in this place.
 D = Time resting spent in this place.
 E = Time spent auto-exploring this place.
 F = Levels seen in this place.
 G = Mean time per level.
                   A        B        C        D        E       F      G
               +--------+--------+--------+--------+--------+-----+--------+
         Total |   3214 |   2868 |    346 |     31 |   2137 |   5 |  642.8 |
       Dungeon |   3214 |   2868 |    346 |     31 |   2137 |   5 |  642.8 |
               +--------+--------+--------+--------+--------+-----+--------+

Top non-repeatable levels by time:
     D:4: 854 daAuts
     D:1: 815 daAuts
     D:2: 649 daAuts
     D:3: 591 daAuts
     D:5: 304 daAuts
